 Dungeon Crawl Stone Soup version 0.28.0-43-g3370ac3207 (webtiles) character file.

Game seed: 9693256106760140376

360 ultragoat the Shield-Bearer (level 6, -4/56 HPs)
             Began as a Hill Orc Fighter on Mar 15, 2022.
             Killed from afar by Dowan (9 damage)
             ... with a stone arrow
             ... on level 4 of the Dungeon.
             The game lasted 00:15:52 (3961 turns).

ultragoat the Shield-Bearer (Hill Orc Fighter)      Turns: 3961, Time: 00:15:53

Health: -4/56      AC:  7    Str: 21    XL:     6   Next: 65%
Magic:  6/6        EV: 13    Int:  8    God:
Gold:   230        SH:  9    Dex: 10    Spells: 5/5 levels left

rFire   . . .      SeeInvis .   a - +0 war axe
rCold   . . .      Faith    .   c - +0 buckler
rNeg    . . .      Spirit   .   b - +0 scale mail
rPois   .          Reflect  .   (no helmet)
rElec   .          Harm     .   (no cloak)
rCorr   +          Rampage  .   (no gloves)
Will    .....                   (no boots)
Stlth   ..........              (no amulet)
HPRegen 0.18/turn               h - +4 ring of evasion
MPRegen 0.10/turn               j - ring of resist corrosion

@: mighty, lit by a corona, hasted, glowing, very quick
A: large bone plates 1, MP-powered wands
a: no special abilities


You were on level 4 of the Dungeon.
You visited 1 branch of the dungeon, and saw 4 of its levels.
You also visited: Sewer.

You collected 230 gold pieces.

Inventory:

Hand Weapons
 a - a +0 war axe (weapon)
Armour
 b - a +0 scale mail (worn)
 c - a +0 buckler (worn)
Jewellery
 e - an amulet of faith
 h - a +4 ring of evasion (left hand)
 j - a ring of resist corrosion (right hand)
Scrolls
 g - a scroll of teleportation
Potions
 d - a potion of might
 i - 5 potions of flight
 l - a potion of resistance {unknown}


   Skills:
 + Level 5.1 Fighting
 + Level 4.7 Axes
 + Level 4.6 Armour
 * Level 5.4 Shields


You had 5 spell levels left.
You didn't know any spells.
Your spell library contained the following spells:

 Spells                   Type           Power      Damage    Failure   Level
 Magic Dart               Conj           0%         1d3       82%         1
 Call Imp                 Summ           0%         N/A       91%         2
 Mephitic Cloud           Conj/Pois/Air  0%         N/A       99%         3


Dungeon Overview and Level Annotations

Branches:
Dungeon (4/15)              Sewer (visited)
 Temple: D:4-7

Altars:

Annotations:
D:4 Dowan


Innate Abilities, Weirdness & Mutations

You are partially covered in large bone plates. (SH +4)
You expend magic power (3 MP) to strengthen your wands.


Message History

Duvessa hits you with a +0 short sword.
You completely miss Duvessa.
Duvessa is lightly wounded.
You block Duvessa's attack.
Dowan smirks and points a slender finger.
Duvessa hits you but does no damage. Dowan hits you with a +0 dagger.
You slash Duvessa!
Duvessa is moderately wounded.
You hit Dowan. Duvessa misses you. Duvessa hits you with a +0 short sword.
Dowan misses you.
You barely miss Duvessa.
Duvessa is moderately wounded.
You slash Dowan! Duvessa hits you with a +0 short sword.
Duvessa hits you but does no damage. You block Dowan's attack.
You feel yourself speed up. Duvessa hits you with a +0 short sword!
You block Dowan's attack. You block Duvessa's attack.
You slash Duvessa!
Duvessa is heavily wounded.
You closely miss Dowan. Duvessa hits you with a +0 short sword!
* * * LOW HITPOINT WARNING * * *
Dowan casts a spell.
Dowan blinks!
You closely miss Duvessa.
Duvessa is heavily wounded.
Duvessa hits you with a +0 short sword.
* * * LOW HITPOINT WARNING * * *
Unknown command.
You slash Duvessa!
Duvessa is almost dead.
You block Duvessa's attack. x2
You slash Duvessa!
You kill Duvessa!
Dowan's eyes darken. "You have made a black mistake."
Dowan seems to find hidden reserves of power!
Your Fighting skill increases to level 5!
You aren't carrying any items that you can evoke.
It was a potion of magic.
Magic courses through your body. Dowan gestures at you while chanting.
The stone arrow hits you!
You die...

#..##≈≈.≈≈##.##.#..
#..≈≈.....≈≈....#.#
#..≈≈.....≈≈.####.#
#.........≈≈.<....#
##.≈≈≈....≈≈..###.#
#e≈≈.....≈≈..###.#
#.##≈≈≈≈≈##....†..
#.##≈≈≈≈≈##..#####
#@)........≈.#
##########.#.#
#.#.# ....# .###.#
.. #.# ## #.# ..#


You could see Dowan (fast).

Vanquished Creatures
  Duvessa (D:4)
  An orc wizard (D:3)
  3 gnolls
  7 adders
  3 river rats (Sewer)
  5 worms
  3 dart slugs (D:1)
  5 orcs (D:3)
  10 bats
  7 endoplasms
  4 giant cockroaches
  6 goblins
  5 hobgoblins
  6 jackals
  7 quokkas
  7 ball pythons
  3 frilled lizards
  4 kobolds
  7 rats
94 creatures vanquished.

Notes
Turn   | Place    | Note
-------+----------+-------------------------------------------
     0 | D:1      | ultragoat the Hill Orc Fighter began the quest for the Orb.
     0 | D:1      | Reached XP level 1. HP: 19/19 MP: 1/1
   162 | D:1      | Reached XP level 2. HP: 21/27 MP: 2/2
   448 | D:1      | Found a faded altar of an unknown god.
   621 | D:1      | Reached XP level 3. HP: 21/33 MP: 3/3
   867 | D:1      | Gained mutation: You expend magic power (3 MP) to
                  | strengthen your wands. [potion of mutation]
   867 | D:1      | Gained mutation: You are partially covered in large bone
                  | plates. (SH +4) [potion of mutation]
  1349 | D:2      | Reached XP level 4. HP: 39/40 MP: 4/4
  2208 | D:3      | Reached XP level 5. HP: 26/47 MP: 5/5
  2953 | D:4      | Found a glowing drain.
  3011 | D:4      | Noticed Dowan
  3015 | D:4      | Noticed Duvessa
  3030 | Sewer    | Entered a sewer
  3352 | Sewer    | Reached XP level 6. HP: 20/55 MP: 6/6
  3683 | Sewer    | Reached skill level 5 in Shields
  3960 | D:4      | Killed Duvessa
  3961 | D:4      | Reached skill level 5 in Fighting
  3961 | D:4      | Killed from afar by Dowan

Illustrated notes

Levels and vault maps discovered:
D:1:      dpeg_arrival_leaves_temple_mockup, layout_basic,
          shapermc_ecumenical_altar_totnotflames
D:2:      layout_basic
D:3:      layout_basic, kennysheep_generic_room_3
D:4:      layout_loops_ring, general_overflow_altar,
          cheibrodos_sewer_entry_sluice, serial_shops,
          nicolae_shop_advertising_works [nicolae_subvault_shop_adworks],
          uniq_duvessa

Skill      XL: |  1  2  3  4  5  6 |
---------------+-------------------+-----
Axes           | 3 4 |  4.7
Fighting       | 4 5 |  5.1
Shields        | 4 5 |  5.4
Armour         | 4 |  4.6

Action                   |  1- 3 |  4- 6 || total
-------------------------+-------+-------++-------
Melee: War axe           |    70 |   189 ||   259
  Use: Scroll            |     5 |     5 ||    10
       Potion            |     3 |     3 ||     6
Armor: Scale mail        |    28 |    61 ||    89
Dodge: Dodged            |    27 |   137 ||   164
Block: Buckler           |    31 |   102 ||   133
